[Event "*** SCC Grand Prix: Titled Tuesday Blitz"]
[Site "Chess.com"]
[Date "2020.07.07"]
[Round "1"]
[White "Escanor89"]
[Black "Ze-Pequeno"]
[Result "0-1"]
[WhiteElo "2550"]
[BlackElo "2234"]
[TimeControl "180+1"]
[EndTime "10:07:20 PDT"]
[Termination "Ze-Pequeno won by resignation"]

1. c4 Nf6 2. Nc3 c5 3. Nf3 b6 4. d4 cxd4 5. Nxd4 Bb7 6. f3 d6 7.
e4 e6 8. Be3 a6 9. Be2 Nbd7 10.
O-O Be7 11. Qd2 O-O 12. Rac1 Qc7 13. a3 Rac8 14. b4 Rfe8 15. Kh1 Qb8 16. Bg1 h5 17. Rc2 h4 18. Nb3 h3 19. gxh3 Ba8 20. Rd1 Ne5 21. Na4 Nxe4 22. Qf4 Bg5 23. Qxe4 Bxe4 24. fxe4 b5 25.
Nb6 bxc4 26. Na5 Rcd8 27. Naxc4 Nxc4 28. Nxc4 d5 29. exd5 Rxd5 30. Rf1 Rc8 31. Bc5 Rd7 32. Bf3 Be7 33. Nb6 Rdc7 34. Nxc8 Qxc8 35. Rfc1 Bxc5 36. Rxc5 Rxc5 37. bxc5 Qc7 38. c6 f5 39. Bg2 e5 40.
Bd5+ Kh7 41. Rc4 e4 42. Rb4 Qf4 43. Rb1 Qf3+ 44. Kg1 Qe3+ 45. Kh1 Qd3 46. Rg1 Qxd5 47. c7 e3+ 48. Rg2 Qd1+ 49. Rg1 Qf3+ 50. Rg2 Qc6 0-1

[Event "*** SCC Grand Prix: Titled Tuesday Blitz"]
[Site "Chess.com"]
[Date "2020.07.07"]
[Round "1"]
[White "TioCridineno"]
[Black "Artyom_ChessMate"]
[Result "0-1"]
[WhiteElo "2104"]
[BlackElo "2509"]
[TimeControl "180+1"]
[EndTime "10:07:20 PDT"]
[Termination "Artyom_ChessMate won by resignation"]

1. e4 e5 2. Nc3 Nf6 3. f4 d5 4. fxe5 Nxe4 5. Nf3 Be7 6. d3 Nxc3 7. bxc3 O-O 8. Be2 f6 9. exf6 Bxf6 10. d4 c5 11. O-O Nc6 12. Be3 Re8 13. Bf2 Bf5 14. Bd3 Be4 15. Rb1 Qd7 16. dxc5 Bxc3 17. Bxe4 Rxe4 18.
Qd3 Bf6 19. Rfd1 Rd8 20. Bg3 Nd4 21. Bd6 Ne2+ 22. Kh1 Nc3 23. Re1 Rde8 24. Ra1 Qe6 25. Rf1 Re3 26. Qd2 Re2 27. Qd3 h6 28. h3 b6 29. Nd4 Bxd4 30. Qxd4 Ne4 31. Rad1 bxc5 32. Qxd5 Qxd5 33. Rxd5 Rd8 34. Rfd1 Nf2+ 35. Kh2 Nxd1 36.
Rxd1 Re6 0-1

[Event "*** SCC Grand Prix: Titled Tuesday Blitz"]
[Site "Chess.com"]
[Date "2020.07.07"]
[Round "1"]
[White "GustavoJuarezF"]
[Black "SARGISMV"]
[Result "0-1"]
[WhiteElo "1999"]
[BlackElo "2483"]
[TimeControl "180+1"]
[EndTime "10:07:20 PDT"]
[Termination "SARGISMV won on time"]

1. e4 e6 2. d4 d5 3. e5 c5 4. c3 Nc6 5. Nf3 Nh6 6. Bd3 cxd4 7. cxd4 Nf5 8. Bxf5 exf5 9. O-O Be6 10. Nc3 Be7 11.
a3 g5 12. Qd3 f4 13. b4 Qd7 14. Nb5 h5 15. Nd6+ Bxd6 16. exd6 Qxd6 17. Nxg5 O-O-O 18. Re1 Rdg8 19. Nxe6 fxe6 20. f3 Rh6 21. Re2 h4 22.
h3 Rhg6 23. Bd2 Kb8 24. Rae1 a6 25. Kh1 Na7 26. Qc2 Nb5 27. Qc5 Qxc5 28. dxc5 Rf8 29.
Rxe6 Rxe6 30. Rxe6 Nxa3 31. Rd6 Nc4 32. Rxd5 Kc7 33.
Rd4 Nxd2 34. Rxd2 Kc6 35. Rd4 Kb5 36. Kg1 Rf7 37. Kf2 a5 38. bxa5 Kxc5 39. Rd8 Kb5 40. Rh8 Kxa5 41. Rxh4 b5 42. g4 b4 43. Rh8 Rb7 44. Re8 b3 45. Re1 b2 46. Rb1 Ka4 47. g5 Rh7 48. g6 Rxh3 0-1

[Event "*** SCC Grand Prix: Titled Tuesday Blitz"]
[Site "Chess.com"]
[Date "2020.07.07"]
[Round "1"]
[White "GelmanAlexander"]
[Black "silverback96"]
[Result "0-1"]
[WhiteElo "2554"]
[BlackElo "2239"]
[TimeControl "180+1"]
[EndTime "10:07:21 PDT"]
[Termination "silverback96 won by checkmate"]

1. c4 Nf6 2. Nf3 c5 3. d3 Nc6 4. e3 e6 5. b3 d5 6. Nbd2 Be7 7. Bb2 O-O 8. a3 Qc7 9. Rg1 e5 10.
cxd5 Nxd5 11. g4 Be6 12. Rc1 b6 13. g5 Rad8 14. h4 f5 15. gxf6 Bxf6 16. Ne4 Qf7 17. b4 Bf5 18. Nfg5 Bxg5 19. Nxg5 Qf6 20. Qf3 cxb4 21.
e4 bxa3 22. Ba1 Nf4 23. exf5 Nb4 24. d4 Qxf5 25. Bc4+ Kh8 26. Kf1 Rc8 27. Qxa3 Nfd3 28. Rg2 Nxf2 29. Kg1 Nh3+ 30. Kh2 Nf4 31. Qxb4 Nxg2 32.
Nf7+ Rxf7 33. Bxf7 Qf4+ 34. Kxg2 Qxc1 35. Qa4 Rc2+ 36. Kg3 Qf4+ 37. Kh3 Rh2# 0-1

[Event "*** SCC Grand Prix: Titled Tuesday Blitz"]
[Site "Chess.com"]
[Date "2020.07.07"]
[Round "1"]
[White "GEKKESPONS"]
[Black "Efremov_Vlad"]
[Result "1-0"]
[WhiteElo "2560"]
[BlackElo "2207"]
[TimeControl "180+1"]
[EndTime "10:07:21 PDT"]
[Termination "GEKKESPONS won by resignation"]

1. d4 d5 2. Nf3 Nf6 3. g3 Bf5 4. Bg2 e6 5. c4 Be7 6. Nc3 O-O 7.
Qb3 Qc8 8. cxd5 exd5 9. Nxd5 Nxd5 10. Qxd5 Nc6 11. a3 Rd8 12. Qc4 Be4 13. Be3 Bf6 14. O-O Bxf3 15. exf3 Nxd4 16. Rac1 c6 17. Rfd1 Nf5 18.
Rxd8+ Qxd8 19. Qc2 Nxe3 20. fxe3 Qb6 21. Kh1 Qxb2 22.
Qxb2 Bxb2 23. Rb1 Bxa3 24. Rxb7 a5 25. f4 Rc8 26. Bf1 c5 27. Bc4 Rf8 28. e4 g6 29.
e5 Bb4 30. Ra7 h5 31. Kg2 a4 32. Rxa4 Rd8 33. Ra7 Rd2+ 34. Kh3 Rc2 35. Bxf7+ Kf8 36.
Bxg6 c4 37. Bxc2 1-0

[Event "*** SCC Grand Prix: Titled Tuesday Blitz"]
[Site "Chess.com"]
[Date "2020.07.07"]
[Round "1"]
[White "praveenb2002"]
[Black "margarita_2703"]
[Result "1-0"]
[WhiteElo "2712"]
[BlackElo "2385"]
[TimeControl "180+1"]
[EndTime "10:07:22 PDT"]
[Termination "praveenb2002 won by checkmate"]

1. e4 Nf6 2. e5 Nd5 3. d4 d6 4.
Nf3 g6 5. c4 Nb6 6. exd6 cxd6 7. h3 Bg7 8. Nc3 O-O 9. Be2 Nc6 10. Be3 e5 11. d5 Ne7 12. O-O f5 13. Ng5 f4 14. Ne6 Bxe6 15. Bxb6 Qxb6 16. dxe6 Qxb2 17.
Nb5 Rad8 18. Bf3 a6 19. Nc7 e4 20. Rb1 Qxa2 21. Nd5 exf3 22. Nxe7+ Kh8 23. Nxg6+ hxg6 24. e7 Rfe8 25. exd8=Q Rxd8 26. Qxf3 Qxc4 27. Rxb7 d5 28. Re1 a5 29. Ree7 Bf6 30. Rh7+ Kg8 31. Qg4 Qe4 32.
Rhd7 Re8 33. Kh2 Be5 34. f3 Qd3 35. Qh4 Qf5 36. Qh7+ Kf8 37. Rf7+ Qxf7 38. Qxf7# 1-0

[Event "*** SCC Grand Prix: Titled Tuesday Blitz"]
[Site "Chess.com"]
[Date "2020.07.07"]
[Round "1"]
[White "barbara25"]
[Black "Fins0905"]
[Result "0-1"]
[WhiteElo "2306"]
[BlackElo "2632"]
[TimeControl "180+1"]
[EndTime "10:07:22 PDT"]
[Termination "Fins0905 won by resignation"]

1. e4 d5 2. exd5 Qxd5 3. Nc3 Qa5 4. d4 Nf6 5. Bc4 c6 6. Bd2 Bf5 7. Nf3 e6 8. d5 Qc5 9. Bb3 cxd5 10. O-O Nc6 11. Be3 Qa5 12. Nd4 Bg6 13. Re1 Be7 14. Qf3 O-O 15. Rad1 Bb4 16. Nxc6 bxc6 17. Bd4 Ne4 18.
h4 h5 19. Qf4 c5 20. Be5 Bxc3 21. bxc3 c4 22. Bxc4 dxc4 23. Rxe4 Bxe4 24. Qxe4 f6 25.
Bd4 Qd5 26. Qe2 Rfd8 27. Re1 Kf7 28. Be3 Rac8 29. Rb1 Rd7 30. a4 a6 31. g3 Qf5 32.
Kh2 Qg4 33. Qf1 Qf3 34. Rb6 Rd1 35. Qg2 Qxg2+ 36. Kxg2 Ra8 37. Rb7+ Kg6 38. Rc7 Ra1 39. Rxc4 Ra2 40. a5 Rxa5 41. Rc7 Ra2 42. c4 a5 43. c5 a4 44. c3 Rc2 45. c6 a3 46. c4 Rxc4 47.
Rb7 a2 0-1

[Event "*** SCC Grand Prix: Titled Tuesday Blitz"]
[Site "Chess.com"]
[Date "2020.07.07"]
[Round "1"]
[White "Sofiia_Hryzlova"]
[Black "manitodeplomo"]
[Result "0-1"]
[WhiteElo "2146"]
[BlackElo "2526"]
[TimeControl "180+1"]
[EndTime "10:07:22 PDT"]
[Termination "manitodeplomo won by resignation"]

1. c4 g6 2. Nc3 Bg7 3. d4 c5 4. e3 Nf6 5. b3 O-O 6. Bb2 d5 7. Nf3 Nc6 8. dxc5 Qa5 9. Bd3 Ne4 10.
Nd4 Nxd4 11. Bxe4 Nf5 12. O-O dxe4 13. Rc1 Rd8 14. Qe2 Qxc5 15. Nxe4 Qc6 16. Bxg7 Kxg7 17. Qb2+ f6 18. Nc3 Be6 19. e4 Nd4 20. Nd5 Bxd5 21. exd5 Qb6 22. c5 Qa6 23. Qxd4 Qxa2 24. Rc3 Rd7 25.
Re3 Rad8 26. d6 exd6 27. cxd6 Qa3 28. Rfe1 Qxd6 29. Qxd6 Rxd6 30. Re7+ Kh6 31. Rxb7 Rd1 32. Kf1 Rxe1+ 33. Kxe1 Rd3 34. Ke2 Rc3 35. Kd2 Rc6 36.
Rxa7 Rd6+ 37. Ke2 f5 38. Rb7 Rb6 39. b4 Rxb7 0-1

[Event "*** SCC Grand Prix: Titled Tuesday Blitz"]
[Site "Chess.com"]
[Date "2020.07.07"]
[Round "1"]
[White "FairChess_on_YouTube"]
[Black "Barmen_EV"]
[Result "1-0"]
[WhiteElo "3007"]
[BlackElo "2456"]
[TimeControl "180+1"]
[EndTime "10:07:23 PDT"]
[Termination "FairChess_on_YouTube won by checkmate"]

1. d4 d5 2. c4 e6 3. Nc3 Bb4 4. Nf3 Nf6 5. Qa4+ Nc6 6. e3 O-O 7. Qc2 Re8 8. a3 Bxc3+ 9. Qxc3 Ne4 10. Qc2 a5 11. Bd3 Nf6 12. O-O e5 13. cxd5 e4 14. dxc6 exd3 15. Qxd3 bxc6 16. Qc2 Qd5 17. Bd2 a4 18.
Rfc1 Bd7 19. Ne5 Re6 20. Bb4 Ne4 21. f3 Nd6 22. Nxd7 Rxe3 23. Qxc6 Qxc6 24. Rxc6 Re2 25.
Bxd6 cxd6 26. Rac1 f6 27. Nb6 Rae8 28. Rc8 Rxc8 29.
Rxc8+ Kf7 30. Nxa4 Rd2 31. b4 g5 32. Rc1 Ra2 33.
Nc3 Rxa3 34. Nb5 Rb3 35. Nxd6+ Ke6 36. Ne4 Rxb4 37. Rc6+ Ke7 38. Rxf6 Rxd4 39. Rh6 g4 40. Kf2 gxf3 41. Kxf3 Kf7 42. Ng5+ Kg8 43. Rxh7 Rd5 44.
Kg4 Rxg5+ 45. Kxg5 Kxh7 46. Kf6 Kg8 47. g4 Kf8 48. g5 Kg8 49. g6 Kh8 50. h4 Kg8 51. g7 Kh7 52. Kf7 Kh6 53. g8=Q Kh5 54. Qg5# 1-0

[Event "*** SCC Grand Prix: Titled Tuesday Blitz"]
[Site "Chess.com"]
[Date "2020.07.07"]
[Round "1"]
[White "chargemax23"]
[Black "Godzillator"]
[Result "1-0"]
[WhiteElo "2678"]
[BlackElo "2360"]
[TimeControl "180+1"]
[EndTime "10:07:23 PDT"]
[Termination "chargemax23 won by resignation"]

1. c4 c6 2. Nc3 d5 3. e3 Nf6 4. Nf3 a6 5. Qc2 h6 6. b3 Bg4 7. Ne5 Be6 8. Bb2 Nbd7 9. d4 Rc8 10. Rd1 Qc7 11. f4 b5 12. Be2 dxc4 13. bxc4 Nb6 14. c5 Nc4 15. Bxc4 Bxc4 16. Nxc4 bxc4 17. O-O Nd5 18. Rf3 e6 19. f5 exf5 20. Qxf5 Qd7 21. Qh5 Nf6 22. Qh4 Be7 23. Na4 Nd5 24. Qg3 Bf6 25. e4 Nb4 26. Nb6 Qb7 27. Nxc4 O-O 28.
e5 Be7 29. a3 Nd5 30. Bc1 Kh7 31. Nd6 Bxd6 32. cxd6 Qb1 33. Rb3 Qf5 34. Qf3 Qg6 35.
Rb7 f6 36. e6 Rcd8 37. e7 Nxe7 38. dxe7 Rde8 39. exf8=Q Rxf8 40. Qd3 Re8 41. Qxg6+ Kxg6 42. Rc7 Re2 43. Rxc6 Rc2 44. Rxc2 1-0

[Event "*** SCC Grand Prix: Titled Tuesday Blitz"]
[Site "Chess.com"]
[Date "2020.07.07"]
[Round "1"]
[White "tteshan"]
[Black "stanyga"]
[Result "0-1"]
[WhiteElo "2308"]
[BlackElo "2633"]
[TimeControl "180+1"]
[EndTime "10:07:23 PDT"]
[Termination "stanyga won by resignation"]

1. e4 c5 2. Nf3 d6 3. d4 cxd4 4. Nxd4 Nf6 5. Nc3 a6 6. Bg5 e6 7.
f4 Qb6 8. Nb3 Nbd7 9. Qf3 Be7 10. O-O-O O-O 11. g4 Qc7 12. Bh4 b5 13. g5 Ne8 14. f5 Ne5 15. Qf4 b4 16. Ne2 f6 17.
gxf6 Nxf6 18. Bxf6 Bxf6 19. Ned4 Qe7 20. h4 a5 21.
Nxe6 Bxe6 22. fxe6 Nd3+ 23. Bxd3 Bxb2+ 24. Kxb2 Rxf4 25. Nd4 Qf6 26. Bc4 Rc8 27. Bd5 Rf2 28.
Kb1 h6 29. Rhg1 Kh8 30. h5 a4 31. Rg6 Qe5 32. Rdg1 Qxd4 33. Rxg7 Qxg7 34. Rxg7 Kxg7 35.
e7 Kf6 36. e8=Q Rxe8 0-1

[Event "*** SCC Grand Prix: Titled Tuesday Blitz"]
[Site "Chess.com"]
[Date "2020.07.07"]
[Round "1"]
[White "WilliamSchill"]
[Black "Smile2005"]
[Result "0-1"]
[WhiteElo "1975"]
[BlackElo "2482"]
[TimeControl "180+1"]
[EndTime "10:07:23 PDT"]
[Termination "Smile2005 won on time"]

1. e4 c6 2. c4 d5 3. cxd5 cxd5 4.
exd5 Nf6 5. Nc3 g6 6. Bc4 Bg7 7. Nge2 O-O 8. O-O Nbd7 9. d3 Nb6 10. Qb3 Bf5 11. Be3 Rc8 12. Bxb6 axb6 13. Nd4 Bd7 14.
Nf3 Bf5 15. Rfe1 Nd7 16. Na4 Nc5 17. Nxc5 Rxc5 18. a4 Qd7 19. Ne5 Bxe5 20. Rxe5 Qd6 21. Rae1 Rc7 22. Qd1 Re8 23. Qe2 Kg7 24. h3 Kf8 25. Qe3 Bd7 26. Qh6+ Kg8 27. h4 Bxa4 28. h5 b5 29. Ba2 Bc2 30. Qd2 b4 31. hxg6 hxg6 32.
Qf4 b3 33. Bb1 Bxb1 34. Rxb1 Kg7 35. Rbe1 Rec8 36. Qd4 Qf6 37. f4 Rc2 0-1

[Event "*** SCC Grand Prix: Titled Tuesday Blitz"]
[Site "Chess.com"]
[Date "2020.07.07"]
[Round "1"]
[White "KingCrusher275"]
[Black "eljanov"]
[Result "0-1"]
[WhiteElo "2443"]
[BlackElo "2886"]
[TimeControl "180+1"]
[EndTime "10:07:24 PDT"]
[Termination "eljanov won by resignation"]

1. d4 Nf6 2. c4 e6 3. Nc3 Bb4 4. Qc2 d5 5. cxd5 exd5 6. Bg5 h6 7. Bh4 g5 8. Bg3 Nc6 9. e3 Ne4 10. Bd3 Qe7 11. Ne2 h5 12. h3 Nxg3 13. Nxg3 Nxd4 14.
Qa4+ Bd7 15. Qd1 h4 16. O-O Bxc3 17. exd4 Bxd4 18. Re1 hxg3 19. Rxe7+ Kxe7 20. Qf3 gxf2+ 21. Kf1 Be6 22. Rc1 Bb6 23. Bf5 c6 24. Bxe6 fxe6 25. Qg3 Rhg8 26. a4 Kd7 27. Qg4 Raf8 28. Rc2 Rf4 29. Qh5 Rgf8 30. Re2 Rc4 31. Qxg5 Rf7 32. Qh6 Kc7 33. Rxe6 Rxa4 34. Qc1 Kd7 35. Re2 Rff4 36.
g3 Rfe4 37. Rxe4 Rxe4 38. Kg2 Re1 0-1

[Event "*** SCC Grand Prix: Titled Tuesday Blitz"]
[Site "Chess.com"]
[Date "2020.07.07"]
[Round "1"]
[White "FrenchMonster2002"]
[Black "Antipov_Mikhail_Al"]
[Result "1-0"]
[WhiteElo "2447"]
[BlackElo "2820"]
[TimeControl "180+1"]
[EndTime "10:07:24 PDT"]
[Termination "FrenchMonster2002 won by resignation"]

1. e4 e5 2. Nf3 Nc6 3. d4 exd4 4. Nxd4 Nf6 5. Nxc6 bxc6 6. e5 Qe7 7. Qe2 Nd5 8.
h4 Qe6 9. g3 f6 10. c4 Bb4+ 11. Nd2 Nb6 12. exf6 gxf6 13. Qxe6+ dxe6 14. Bg2 Bb7 15. O-O Bxd2 16. Bxd2 Nxc4 17. Bc3 Kf7 18. Rac1 Nb6 19.
Rfe1 a5 20. Bd4 Nd5 21. Bc5 Rhg8 22. Kh2 a4 23. Bh3 Rge8 24. Rc4 h5 25. Rce4 f5 26. Rc4 Nf6 27. Rb4 Reb8 28. Bg2 Nd5 29. Rd4 Ra5 30. Ba3 Rh8 31. Rc4 Kf6 32. b4 axb3 33. Bb2+ Ke7 34.
Bxh8 bxa2 35. Bxd5 cxd5 36. Rxc7+ Kd6 1-0

[Event "*** SCC Grand Prix: Titled Tuesday Blitz"]
[Site "Chess.com"]
[Date "2020.07.07"]
[Round "1"]
[White "AttilaTurzo"]
[Black "Larina_Marija"]
[Result "1-0"]
[WhiteElo "2508"]
[BlackElo "2100"]
[TimeControl "180+1"]
[EndTime "10:07:24 PDT"]
[Termination "AttilaTurzo won by resignation"]

1. e4 d5 2. exd5 Qxd5 3. Nc3 Qa5 4. d4 Nf6 5. Bd2 Qb6 6. Nf3 Bg4 7. Bc4 e6 8. h3 Bh5 9. Bb3 Nc6 10. g4 Bg6 11. Be3 Qa5 12. Qe2 O-O-O 13. O-O-O Nb4 14. Ne5 c6 15. Nxg6 hxg6 16. Kb1 Nfd5 17. Bd2 Qb6 18. a3 Na6 19. Ne4 c5 20. dxc5 Nxc5 21. Nxc5 Qxc5 22. f4 Bd6 23. f5 gxf5 24. gxf5 Rhe8 25. fxe6 Rxe6 26.
Qf3 Nf6 27. Bxe6+ fxe6 28. Qc3 Ne4 29. Qxc5+ Bxc5 30. Bf4 e5 31. Rxd8+ Kxd8 32. Bxe5 Nd2+ 33. Kc1 Nc4 34. Bxg7 Be3+ 35. Kb1 Nd2+ 36. Ka2 Ke7 37. Re1 Nc4 38. Bd4 1-0

[Event "*** SCC Grand Prix: Titled Tuesday Blitz"]
[Site "Chess.com"]
[Date "2020.07.07"]
[Round "1"]
[White "Angel_Hranitel_37"]
[Black "Semen_Khanin"]
[Result "0-1"]
[WhiteElo "2385"]
[BlackElo "2714"]
[TimeControl "180+1"]
[EndTime "10:07:25 PDT"]
[Termination "Semen_Khanin won by checkmate"]

1. d4 Nf6 2. Nf3 e6 3. c4 d5 4. g3 Bb4+ 5. Bd2 Be7 6. Qc2 c6 7. Bg2 Nbd7 8. O-O O-O 9. b3 Ne4 10. Rd1 f5 11. Nc3 Ndf6 12. Ne5 Bd7 13. f3 Nxd2 14.
Qxd2 Be8 15. f4 c5 16. cxd5 exd5 17. Rac1 Rc8 18. e3 Bh5 19. Re1 Ne4 20. Nxe4 dxe4 21.
d5 b5 22. Bf1 a6 23. Be2 Be8 24. Red1 Bd6 25. Qb2 Qe7 26. Nc6 Bxc6 27. dxc6 Rxc6 28. Rd5 Qe6 29. Rcd1 Be7 30. Rd7 Rcc8 31. a4 Bf6 32. Qc2 Qb6 33. axb5 axb5 34. h3 Rfd8 35. g4 Rxd7 36.
Rxd7 c4 37. bxc4 Qxe3+ 38. Kg2 Bd4 39. c5 Qg1# 0-1

[Event "*** SCC Grand Prix: Titled Tuesday Blitz"]
[Site "Chess.com"]
[Date "2020.07.07"]
[Round "1"]
[White "Harsha_Bharathakoti"]
[Black "rynos0411"]
[Result "1-0"]
[WhiteElo "2803"]
[BlackElo "2418"]
[TimeControl "180+1"]
[EndTime "10:07:26 PDT"]
[Termination "Harsha_Bharathakoti won by resignation"]

1. d4 d5 2. c4 c6 3. Nf3 Nf6 4. Nc3 e6 5. e3 Nbd7 6. Qc2 Bd6 7. Bd3 O-O 8. O-O dxc4 9. Bxc4 b5 10.
Be2 Bb7 11. Rd1 Qc7 12. Bd2 a6 13. b4 Rac8 14. Rab1 Rfe8 15. h3 e5 16. Bd3 exd4 17.
exd4 h6 18. a3 Nb6 19. Re1 Bf4 20. Ne4 Nxe4 21. Bxe4 Nd5 22. Bxf4 Qxf4 23. Bxd5 cxd5 24. Rxe8+ Rxe8 25. Qd2 Qxd2 26. Nxd2 Rc8 27. Nb3 Rc3 28.
Nc5 Bc8 29. Ra1 Rc4 30. Rd1 Rc3 31. Rd3 Rc1+ 32. Kh2 Bf5 33. Rf3 Bg6 34. Nxa6 Rd1 35. Nc7 Rxd4 36. Nxb5 Rd2 37. a4 Rb2 38. Rf4 Bd3 39.
Rd4 Bc4 40. Nc3 Rxf2 41. Nxd5 Bb3 42. a5 Ra2 43. Nc7 Ba4 44. a6 Bc6 45. Kg3 Rxg2+ 46.
Kf4 Kf8 47. b5 Rf2+ 48. Ke3 Rf3+ 49. Ke2 1-0

[Event "*** SCC Grand Prix: Titled Tuesday Blitz"]
[Site "Chess.com"]
[Date "2020.07.07"]
[Round "1"]
[White "PawnEatingZombie"]
[Black "Fusikk"]
[Result "0-1"]
[WhiteElo "2202"]
[BlackElo "2556"]
[TimeControl "180+1"]
[EndTime "10:07:26 PDT"]
[Termination "Fusikk won on time"]

1. d4 Nf6 2. c4 g6 3. Nc3 Bg7 4. e4 d6 5. Be2 O-O 6. Be3 a6 7. Nf3 Nbd7 8. O-O e6 9. Re1 c5 10. d5 exd5 11. exd5 Rb8 12. a4 Re8 13. Bd3 Ne5 14.
Nxe5 Rxe5 15. h3 Ne8 16. Bf4 Rxe1+ 17. Qxe1 Nc7 18. a5 b6 19. axb6 Rxb6 20. Ra2 Qf6 21. Qd2 Bf5 22. Bxf5 Qxf5 23. Kh2 Ne8 24. Bg3 Bd4 25.
f3 h5 26. h4 Qf6 27. Ne4 Qe7 28. b3 Be5 29. Bxe5 Qxh4+ 30. Kg1 dxe5 31. Nxc5 Qe7 32. Ne4 Rxb3 33. d6 Qa7+ 34. Kh2 Ng7 35. d7 Ne6 36. d8=Q+ Nxd8 37. Qxd8+ Kg7 38. Qf6+ Kh7 39.
Rd2 Rb8 40. Rd8 Rxd8 41. Qxd8 a5 42. c5 a4 43. Qb6 Qa8 0-1

[Event "*** SCC Grand Prix: Titled Tuesday Blitz"]
[Site "Chess.com"]
[Date "2020.07.07"]
[Round "1"]
[White "m-garcett"]
[Black "BigAl"]
[Result "0-1"]
[WhiteElo "2062"]
[BlackElo "2497"]
[TimeControl "180+1"]
[EndTime "10:07:26 PDT"]
[Termination "BigAl won on time"]

1. e4 c6 2. d4 d5 3. exd5 cxd5 4. c4 Nf6 5. Nc3 g6 6. Nf3 Bg7 7. Bd3 O-O 8. O-O Nc6 9. h3 Nb4 10. Be2 Bf5 11. a3 Nc6 12. Be3 Rc8 13. cxd5 Nxd5 14.
Bc4 Nxc3 15. bxc3 Na5 16. Ba2 Rxc3 17. Ne5 Be4 18. Bd2 Qxd4 19. Bxc3 Qxc3 20. Nxf7 Rxf7 21.
Qd8+ Bf8 22. Rac1 Qf6 23. Qxa5 Bc6 24. Bxf7+ Qxf7 25. Qc3 Bg7 26. Qc4 Qxc4 27. Rxc4 Bf6 28. Rd1 Kf7 29. g4 g5 30. a4 Be8 31. a5 a6 32. Rc7 Bc6 33. Rc1 Be4 34. R1c4 Bd5 35. Rb4 Be5 36. Rbxb7 Bxb7 0-1

[Event "*** SCC Grand Prix: Titled Tuesday Blitz"]
[Site "Chess.com"]
[Date "2020.07.07"]
[Round "1"]
[White "Fandorine"]
[Black "zmeeed67"]
[Result "1-0"]
[WhiteElo "2880"]
[BlackElo "2440"]
[TimeControl "180+1"]
[EndTime "10:07:27 PDT"]
[Termination "Fandorine won on time"]

1. e4 Nc6 2. Nf3 d6 3. d4 Nf6 4. d5 Nb8 5. Bd3 g6 6. h3 Bg7 7. O-O O-O 8. c4 c6 9. Nc3 Nbd7 10. Bg5 cxd5 11. exd5 Nc5 12. Bc2 Bf5 13. Re1 Bxc2 14.
Qxc2 Rc8 15. Rad1 Re8 16. b3 a6 17. Nd4 Qa5 18. Bd2 Qc7 19. Be3 Qa5 20. Rb1 Ncd7 21.
a4 Nxd5 22. Nxd5 Bxd4 23. Bxd4 Qxd5 24. Rbd1 Qf5 25. Qd2 Nc5 26. Bb2 f6 27. Re3 Rb8 28.
Rde1 Kf8 29. a5 Nd7 30. Rf3 Qh5 31. b4 b6 32. axb6 Rxb6 33. c5 Rc6 34. g4 Qh4 35.
Qd5 Rcc8 36. Qe6 Rc7 37. cxd6 Rb7 38. dxe7+ Kg7 39. Rd1 Nb6 40. Bxf6+ 1-0

[Event "*** SCC Grand Prix: Titled Tuesday Blitz"]
[Site "Chess.com"]
[Date "2020.07.07"]
[Round "1"]
[White "FLamps8"]
[Black "icychess54"]
[Result "1-0"]
[WhiteElo "2580"]
[BlackElo "2244"]
[TimeControl "180+1"]
[EndTime "10:07:27 PDT"]
[Termination "FLamps8 won on time"]

1. d4 d5 2. c4 c6 3. Nf3 Nf6 4. e3 e6 5. Nbd2 Nbd7 6. Bd3 Be7 7. O-O O-O 8. e4 dxe4 9. Nxe4 b6 10. b3 Bb7 11.
Bb2 c5 12. Qe2 Qc7 13. dxc5 bxc5 14. Rad1 Rfd8 15. Rd2 Qf4 16. Nxf6+ Bxf6 17. Bc1 Bxf3 18. Qxf3 Qxf3 19. gxf3 Bd4 20. Be4 Rac8 21. Rfd1 f5 22. Bb1 Ne5 23. Kg2 Ng6 24. Bb2 Bf6 25. Bxf6 Rxd2 26.
Rxd2 gxf6 27. Rd7 a5 28. Kg3 Ne5 29. Ra7 Rd8 30. f4 Ng6 31. Rxa5 Rd1 32. Bc2 Rd2 33. Bb1 Rd1 34. Bxf5 exf5 35. Rxc5 Ra1 36. a4 Rb1 37.
Rb5 Kf7 38. a5 Ke6 39. a6 Ra1 40. Rb6+ Kd7 41. b4 1-0

[Event "*** SCC Grand Prix: Titled Tuesday Blitz"]
[Site "Chess.com"]
[Date "2020.07.07"]
[Round "1"]
[White "yamalchess"]
[Black "penguingm1"]
[Result "0-1"]
[WhiteElo "2444"]
[BlackElo "2890"]
[TimeControl "180+1"]
[EndTime "10:07:28 PDT"]
[Termination "penguingm1 won on time"]

1. d4 d5 2. c4 e6 3. Nc3 Be7 4. Nf3 Nf6 5. Bg5 h6 6. Bh4 O-O 7. e3 b6 8. Qc2 Bb7 9. Bxf6 Bxf6 10. cxd5 exd5 11. g4 g6 12. h4 Bg7 13. g5 h5 14.
O-O-O c5 15. Bg2 Na6 16. a3 Rc8 17. Kb1 Qe7 18. Rhe1 Rfd8 19. Ne5 Bxe5 20. dxe5 Qxe5 21. f4 Qe6 22. f5 gxf5 23. Bh3 Rc7 24. Bxf5 Qe5 25.
g6 f6 26. e4 d4 27. Qe2 Kg7 28. Nb5 Re7 29. Qxh5 Rh8 30. Qg4 Nc7 31. Nxc7 Rxc7 32.
h5 Rh6 33. Rf1 c4 34. Qg1 d3 35. Qe3 Qb5 36. Ka1 c3 37. b4 Qa4 0-1

[Event "*** SCC Grand Prix: Titled Tuesday Blitz"]
[Site "Chess.com"]
[Date "2020.07.07"]
[Round "1"]
[White "Rap_woyska"]
[Black "BogdanDeac"]
[Result "0-1"]
[WhiteElo "2426"]
[BlackElo "2822"]
[TimeControl "180+1"]
[EndTime "10:07:28 PDT"]
[Termination "BogdanDeac won by resignation"]

1. c4 e6 2. Nf3 d5 3. e3 g6 4. Nc3 Bg7 5. b3 Ne7 6. Bb2 O-O 7. g3 c5 8. cxd5 Nxd5 9. Qc2 Nb4 10. Qb1 b6 11. a3 Bb7 12. Be2 Nd3+ 13. Qxd3 Qxd3 14.
Bxd3 Bxf3 15. Rg1 Nc6 16. Ra2 Ne5 17. Be2 Rfd8 18. Nd1 Nd3+ 19. Kf1 Bd5 20. Bxd3 Bxb3 21. Bb1 Bxa2 22. Bxg7 Bxb1 23. Bc3 Bd3+ 24. Kg2 b5 25.
Nb2 a5 26. Nxd3 Rxd3 27. Rc1 b4 28. Bf6 Rxa3 29. Rxc5 Rd3 30. Rb5 Rxd2 31. Kf3 Rd1 32. h4 a4 33. h5 a3 34. hxg6 hxg6 35. Rxb4 g5 36. Rg4 a2 37. Rxg5+ Kh7 38. Rg7+ Kh6 39. Rxf7 Kg6 0-1

[Event "*** SCC Grand Prix: Titled Tuesday Blitz"]
[Site "Chess.com"]
[Date "2020.07.07"]
[Round "1"]
[White "Maili15"]
[Black "SzMM19"]
[Result "0-1"]
[WhiteElo "2233"]
[BlackElo "2575"]
[TimeControl "180+1"]
[EndTime "10:07:28 PDT"]
[Termination "SzMM19 won on time"]

1. d4 Nf6 2. c4 e6 3. Nc3 Bb4 4. Qc2 b6 5. a3 Bxc3+ 6. Qxc3 Bb7 7. f3 d5 8. Bg5 O-O 9. e3 h6 10. Bh4 Nbd7 11. Bd3 c5 12. Ne2 Rc8 13. cxd5 exd5 14.
O-O Re8 15. Rac1 a6 16. Bf5 Qc7 17. Bxf6 gxf6 18. dxc5 bxc5 19. Bxd7 Qxd7 20. Qxf6 Rxe3 21. Ng3 Rc6 22. Qf4 Ree6 23. Qg4+ Kf8 24. Rce1 Qe7 25. Rxe6 Rxe6 26. Qf4 Qd6 27. Qh4 Qe5 28. Nh5 d4 29. Qd8+ Re8 30. Qh4 d3 31. Nf4 Qd4+ 32.
Kh1 d2 33. Qxh6+ Qg7 34. Qxg7+ Kxg7 35. Nd3 c4 36. Nf2 Re2 37. Kg1 Re1 0-1

[Event "*** SCC Grand Prix: Titled Tuesday Blitz"]
[Site "Chess.com"]
[Date "2020.07.07"]
[Round "1"]
[White "jefferyx"]
[Black "dennisodessa"]
[Result "1-0"]
[WhiteElo "2904"]
[BlackElo "2446"]
[TimeControl "180+1"]
[EndTime "10:07:29 PDT"]
[Termination "jefferyx won by checkmate"]

1. d4 e6 2. Nf3 Nf6 3. Bf4 c5 4. e3 Nc6 5. Nc3 a6 6. d5 Nb4 7. d6 Nbd5 8. Nxd5 Nxd5 9. Bg3 g6 10. c4 Nb4 11. Be2 Bg7 12. Qd2 b5 13. a3 Nc6 14. O-O b4 15. Ne1 O-O 16. Nd3 bxa3 17. Rxa3 Qb6 18. Rfa1 Bb7 19. Bd1 a5 20. Ba4 Rfd8 21.
Bh4 Rdb8 22. Bg3 Bc8 23. Bb5 Nb4 24. Nxb4 cxb4 25. Rd3 Qc5 26. e4 Ra7 27. Bf4 Raa8 28. e5 Kf8 29. h4 Ke8 30. h5 Ba6 31. hxg6 hxg6 32. Rh3 Bxb5 33. cxb5 Rxb5 34. Rc1 Qd5 35. Qc2 Rbb8 36. Rd1 Qb5 37. Qe4 Rc8 38. Rh7 Kf8 39.
Qe3 Qc5 40. Qh3 Bxe5 41. Rh8+ Kg7 42. Qh6+ Kf6 43. Qg5+ Kg7 44. Bxe5+ f6 45. Qxf6# 1-0